 Dungeon Crawl Stone Soup version 0.28-a0-751-gef3a642a4e (webtiles) character file.

Game seed: 12239111036177135334

208 blank1 the Cudgeller (level 5, -27/46 HPs)
             Began as a Minotaur Fighter on Oct 28, 2021.
             Was an Initiate of Okawaru.
             Annihilated by an ogre (29 damage)
             ... on level 4 of the Dungeon on Oct 30, 2021.
             The game lasted 00:04:52 (3246 turns).

blank1 the Cudgeller (Minotaur Fighter)             Turns: 3246, Time: 00:04:53

Health: -27/46     AC: 10    Str: 22    XL:     5   Next: 55%
Magic:  0/2        EV:  6    Int:  5    God:    Okawaru [......]
Gold:   104        SH:  9    Dex:  9    Spells: 4/4 levels left

rFire   + . .      SeeInvis .   n - +2 flail (antimagic)
rCold   . . .      Faith    .   e - +1 kite shield
rNeg    . . .      Spirit   +   o - +0 chain mail
rPois   .          Reflect  .   (helmet restricted)
rElec   .          Harm     .   k - +0 cloak
rCorr   +          Rampage  .   (no gloves)
Will    .....                   (no boots)
Stlth   ..........              m - amulet of guardian spirit
HPRegen 0.15/turn               a - ring of resist corrosion
MPRegen 0.08/turn               h - ring of protection from fire

@: no status effects
A: horns 2, retaliatory headbutt
a: Renounce Religion


You were on level 4 of the Dungeon.
You worshipped Okawaru.
Okawaru was noncommittal.
You visited 1 branch of the dungeon, and saw 4 of its levels.

You collected 104 gold pieces.

Inventory:

Hand Weapons
 n - a +2 antimagic flail (weapon)
Armour
 e - a +1 kite shield (worn)
 k - a +0 cloak (worn)
 o - a +0 chain mail (worn)
Jewellery
 a - a ring of resist corrosion (left hand)
 h - a ring of protection from fire (right hand)
 m - an amulet of guardian spirit (around neck)
Scrolls
 c - a scroll of identify
 g - a scroll of enchant armour
Potions
 b - a potion of degeneration {unknown}
 d - a potion of might
 f - 2 potions of haste
 j - a potion of attraction {unknown}
 l - a potion of magic {unknown}


   Skills:
 + Level 4.3 Fighting
 + Level 4.3 Maces & Flails
 - Level 4.0 Armour
 - Level 2.0 Dodging
 - Level 4.0 Shields
 + Level 2.9 Invocations


You had 4 spell levels left.
You didn't know any spells.
Your spell library was empty.

Dungeon Overview and Level Annotations

Branches:
Dungeon (4/15)
 Temple: D:4-7

Altars:
Okawaru


Innate Abilities, Weirdness & Mutations

You have a pair of horns on your head.
You reflexively headbutt those who attack you in melee.


Message History

Okawaru accepts your kill.
No target in view!
You see here a giant cockroach corpse.
b - a metallic white potion
c - a scroll of identify
h - a ring of protection from fire
h - a ring of protection from fire (right hand)
Found a spear.
You see here a +0 spear.
Found 10 stones.
You open the door.
There is an open door here.
Found a stone staircase leading down.
Found a whip.
You open the door.
There is an open door here.
There is an open door here.
You open the door.
There is an open door here.
You see here a +0 whip.
An ogre comes into view. It is wielding a +0 giant club.
The ogre shouts!
You hit the ogre.
The ogre is lightly wounded.
The ogre hits you with a +0 giant club!
You hit the ogre.
The ogre is lightly wounded.
The ogre hits you with a +0 giant club!
You sock the ogre!
The ogre is heavily wounded.
The ogre hits you with a +0 giant club.
You hit the ogre.
The ogre is heavily wounded.
The ogre hits you with a +0 giant club!!
* * * LOW HITPOINT WARNING * * *
You thump the ogre! Your headbutt misses the ogre.
The ogre is almost dead.
The ogre hits you with a +0 giant club!!
Ouch! That really hurt!
You die...

# #....#####'## #
#...........#
#####'#.......#
......#.....>.#
.###..#.......#
)..#..#.......########
.#.#..#.......).......
.#.#..#.......########
##.#.(###.......@.#
##.#..# #.#######O#
...#..# #.# .# ####
#.# .# #.# .# #.# .#
### .# .#


You could see an ogre.

Vanquished Creatures
  A hound (D:4)
  Terence (D:3)
  2 adders (D:2)
  4 gnolls (D:3)
  A worm (D:2)
  11 orcs (D:3)
  4 bats
  6 endoplasms
  14 giant cockroaches
  4 goblins (D:1)
  4 hobgoblins
  5 jackals (D:1)
  3 kobolds
  3 quokkas
  5 ball pythons
  4 frilled lizards
  2 rats
74 creatures vanquished.

Notes
Turn   | Place    | Note
-------+----------+-------------------------------------------
     0 | D:1      | blank1 the Minotaur Fighter began the quest for the Orb.
     0 | D:1      | Reached XP level 1. HP: 19/19 MP: 0/0
   432 | D:1      | Found a faded altar of an unknown god.
   478 | D:1      | Reached XP level 2. HP: 27/27 MP: 1/1
   703 | D:1      | Reached skill level 1 in Dodging
   884 | D:2      | Reached XP level 3. HP: 21/33 MP: 2/2
  1527 | D:3      | Found an iron altar of Okawaru.
  1535 | D:3      | Became a worshipper of Warmaster Okawaru
  1571 | D:3      | Reached XP level 4. HP: 38/40 MP: 3/3
  1894 | D:3      | Reached skill level 1 in Invocations
  2324 | D:3      | Upgraded the game from 0.28-a0-730-g892d06dc2c to
                  | 0.28-a0-751-gef3a642a4e
  2434 | D:3      | Reached XP level 5. HP: 46/46 MP: 1/5
  2508 | D:3      | Noticed Terence
  2910 | D:3      | Killed Terence
  3241 | D:4      | Noticed an ogre
  3245 | D:4      | HP: 2/46 [ogre (22)]
  3246 | D:4      | Annihilated by an ogre

Illustrated notes

Levels and vault maps discovered:
D:1:      minmay_arrival_hallway, layout_loops_ring, basic_ecumenical_altar,
          minmay_box_of_dots
D:2:      layout_basic
D:3:      minmay_roachtagon, layout_basic, okawaru_ov_weapons_minmay,
          minmay_misc_feat_chi, uniq_terence
D:4:      minmay_spotlight, layout_basic

Skill      XL: |  1  2  3  4 |
---------------+-------------+-----
Dodging        | 1 2 |  2.0
Fighting       | 4 |  4.3
Armour         | 4 |  4.0
Shields        | 4 |  4.0
Maces & Flails | 3 4 |  4.3
Invocations    | 2 |  2.9

Action                   |  1- 3 |  4- 6 || total
-------------------------+-------+-------++-------
Melee: Flail             |    92 |    90 ||   182
       Headbutt          |     9 |    13 ||    22
  Use: Scroll            |     1 |     5 ||     6
       Potion            |       |     1 ||     1
Armor: Scale mail        |    51 |    16 ||    67
       Chain mail        |       |    28 ||    28
Dodge: Dodged            |    35 |    23 ||    58
Block: Kite shield       |    40 |    51 ||    91

Table legend: (Time is in decaauts)
 A = Elapsed time spent in this place.
 B = Non-inter-level travel time spent in this place.
 C = Inter-level travel time spent in this place.
 D = Time resting spent in this place.
 E = Time spent auto-exploring this place.
 F = Levels seen in this place.
 G = Mean time per level.
                   A        B        C        D        E       F      G
               +--------+--------+--------+--------+--------+-----+--------+
         Total |   3326 |   3250 |     76 |    491 |   2151 |   4 |  831.5 |
       Dungeon |   3326 |   3250 |     76 |    491 |   2151 |   4 |  831.5 |
               +--------+--------+--------+--------+--------+-----+--------+

Top non-repeatable levels by time:
     D:3: 1395 daAuts
     D:1: 893 daAuts
     D:2: 867 daAuts
     D:4: 169 daAuts
